 Dungeon Crawl Stone Soup version 0.20-a0-16-g0876c8e (webtiles) character file.

315 JeffiDaFish the Shield-Bearer (level 6, -4/38 HPs)
             Began as a Gargoyle Fighter on Nov 3, 2016.
             Killed by divine providence
             ... invoked by an orc priest
              (18 damage)
             ... on level 4 of the Dungeon.
             The game lasted 00:09:41 (2725 turns).

JeffiDaFish the Shield-Bearer (Gargoyle Fighter)    Turns: 2725, Time: 00:09:41

Health: -4/38      AC: 21    Str: 22      XL:     6   Next: 44%
Magic:  6/6        EV:  6    Int: 10 (11) God:
Gold:   159        SH: 10    Dex:  8 (9)  Spells: 0 memorised, 5 levels left

rFire  + . .     SeeInvis .     j - +2 mace (protect)
rCold  . . .     Gourm    .     e - +0 chain mail
rNeg   + . .     Faith    .     c - +1 shield
rPois  ∞         Spirit   .     (no helmet)
rElec  +         Reflect  .     (no cloak)
rCorr  .         Harm     +     (no gloves)
MR     .....                    (no boots)
Stlth  ..........               i - amulet of harm
                                l - ring of protection from fire
                                h - +3 ring of intelligence

@: protection aura
A: negative energy resistance 1, electricity resistance, unbreathing,
petrification resistance, rot immunity, AC +4
a: no special abilities


You were on level 4 of the Dungeon.
You were not hungry.

You visited 1 branch of the dungeon, and saw 4 of its levels.

You collected 159 gold pieces.

Inventory:

Hand Weapons
 a - a +1 flail
 j - a +2 mace of protection (weapon)
Armour
 c - a +1 shield (worn)
 e - a +0 chain mail (worn)
Jewellery
 h - a +3 ring of intelligence (left hand)
 i - an amulet of harm (around neck)
 l - a ring of protection from fire (right hand)
 n - an uncursed amulet of rage {unknown}
Scrolls
 p - a scroll of fog
 q - a scroll of identify
Potions
 d - a potion of might
 k - 2 potions of magic
 m - 2 potions of heal wounds
Comestibles
 b - 2 chunks of flesh
 f - 3 bread rations
 g - a slice of pizza
 o - 2 royal jellies


   Skills:
 + Level 3.9 Fighting
 + Level 4.4 Maces & Flails
 + Level 4.5 Armour
 + Level 0.2 Stealth
 + Level 4.9 Shields


You had 5 spell levels left.
You didn't know any spells.

Dungeon Overview and Level Annotations

Branches:
Dungeon (4/15)
 Temple: D:4-7

Altars:
Elyvilon
Nemelex Xobeh
Okawaru
Trog
Yredelemnul


Innate Abilities, Weirdness & Mutations

You are resistant to torment.
Your stone body is resilient. (AC +4)
You are immune to poison.
You resist negative energy. (rN+)
You are resistant to electric shocks. (rElec)
You can survive without breathing.
You are immune to petrification.
You are immune to rotting.


Message History

You block the orc wizard's attack.
You closely miss the orc wizard.
The orc wizard is lightly wounded.
The orc priest invokes the aid of Beogh against you.
Beogh smites you! The orc wizard barely misses you.
You hit the orc wizard.
The orc wizard is moderately wounded.
The orc wizard points at you and mumbles some strange words.
The magic dart hits you!
The orc priest miscasts a cantrip.
The orc wizard gestures at you while chanting.
The magic dart hits you!
You closely miss the orc wizard.
The orc wizard is moderately wounded.
You block the orc wizard's attack.
You thump the orc wizard!
The orc wizard is almost dead.
The orc priest calls down the wrath of Beogh upon you.
Beogh smites you!
You die...

#..# #.......# .......
#..## #..#.##.# .......
##...##+#.....#.# .......
#....#....##..#.# .......
#..#.#.....#..#.# .......
#........#.#..#.. ....%..
#..........#..##.
......o###.............#..
......Ooo@.............###
......o####............#
....... #............#
....... #........##+##
....... #........# #......
#........ #...... ...[...
#......


You could see an ogre, an orc priest, an orc wizard and 2 orcs.

Vanquished Creatures
  A scorpion (D:4)
  Crazy Yiuf (D:2)
  An orc priest (D:4)
  2 orc wizards (D:3)
  Robin (D:2)
  An adder (D:3)
  2 oozes
  4 worms
  8 dart slugs
  A leopard gecko (D:2)
  7 orcs
  2 giant cockroaches
  19 goblins
  15 hobgoblins
  3 jackals (D:2)
  7 kobolds
  2 quokkas (D:3)
  4 bats
  A frilled lizard (D:2)
  5 rats
87 creatures vanquished.

Notes
Turn   | Place    | Note
-------+----------+-------------------------------------------
     0 | D:1      | JeffiDaFish the Gargoyle Fighter began the quest for the Orb.
     0 | D:1      | Reached XP level 1. HP: 14/14 MP: 1/1
   362 | D:1      | Reached XP level 2. HP: 19/19 MP: 2/2
   650 | D:1      | Reached XP level 3. HP: 23/23 MP: 3/3
  1023 | D:2      | Found a bloodstained altar of Trog.
  1089 | D:2      | Found a runed door.
  1129 | D:2      | Noticed Crazy Yiuf
  1136 | D:2      | Killed Crazy Yiuf
  1136 | D:2      | Reached XP level 4. HP: 17/28 MP: 4/4
  1528 | D:2      | Noticed Robin
  1553 | D:2      | Killed Robin
  1607 | D:2      | Reached XP level 5. HP: 24/33 MP: 5/5
  2017 | D:3      | Found a basalt altar of Yredelemnul.
  2018 | D:3      | Found an iron altar of Okawaru.
  2099 | D:3      | Found a white marble altar of Elyvilon.
  2367 | D:3      | Reached XP level 6. HP: 35/38 MP: 6/6
  2413 | D:3      | Found a sparkling altar of Nemelex Xobeh.
  2725 | D:4      | Killed from afar by an orc priest

Vault maps used:
D:1:      dpeg_arrival_tiny_d
D:2:      kennysheep_goblin_castle, trog_hazing_becter, uniq_crazy_yiuf_cottage
D:3:      gammafunk_temple_overflow_pools, lemuel_coloured_pillars_altar,
          nemelex_dance_club_becter
D:4:      overflow_temple_1_default, marbit_many_paths, first_bread

Skill      XL: |  1  2  3  4  5 |
---------------+----------------+-----
Armour         | 4 |  4.5
Maces & Flails | 3 4 |  4.4
Shields        | 4 |  4.9
Fighting       | |  3.9
Stealth        | |  0.2

Action                   |  1- 3 |  4- 6 || total
-------------------------+-------+-------++-------
Melee: Flail             |   111 |    17 ||   128
       Mace              |       |   215 ||   215
  Use: Potion            |     3 |     4 ||     7
       Scroll            |     4 |     4 ||     8
 Stab: Distracted        |       |     1 ||     1
  Eat: Chunk             |     1 |     6 ||     7
Armor: Chain mail        |    71 |   163 ||   234
Dodge: Dodged            |    17 |    38 ||    55
Block: Shield            |    73 |   155 ||   228
